 Dungeon Crawl Stone Soup version 0.30-a0-757-ga6a79fd877 (webtiles) character file.

Game seed: 107958144325047226

12 sircluck the Shield-Bearer (level 2, 0/29 HPs)
             Began as a Troll Fighter on Feb 9, 2023.
             Slain by Terence
             ... wielding a +5 heavy mace
              (16 damage)
             ... on level 2 of the Dungeon.
             The game lasted 00:01:07 (414 turns).

sircluck the Shield-Bearer (Troll Fighter)           Turns: 414, Time: 00:01:07

Health: 0/29       AC:  4    Str: 23    XL:     2   Next: 20%
Magic:  1/1        EV:  8    Int:  4    God:
Gold:   68         SH:  7    Dex:  9    Spells: 1/1 levels left

rFire   . . .      SeeInvis .      - Unarmed
rCold   . . .      Faith    .    b - +0 kite shield
rNeg    . . .      Spirit   .    a - +0 robe
rPois   .          Reflect  .    (helmet restricted)
rElec   .          Harm     .    (no cloak)
rCorr   .          Rampage  .    (gloves unavailable)
Will    .....                    (boots unavailable)
Stlth   +                        f - amulet of magic regeneration
HPRegen 1.04/turn                (no ring)
MPRegen 0.47/turn                (no ring)

@: no status effects
A: large, unfitting armour, claws 3, regeneration 1, shaggy fur 1, tough skin 1
a: no special abilities


You were on level 2 of the Dungeon.
You visited 1 branch of the dungeon, and saw 2 of its levels.

You collected 68 gold pieces.

Inventory:

Missiles
 d - 12 stones (quivered)
 e - 6 poisoned darts
Armour
 a - a +0 robe (worn)
 b - a +0 kite shield (worn)
Jewellery
 f - an amulet of magic regeneration (around neck)
Potions
 c - a potion of might


   Skills:
 + Level 2.6 Fighting
 + Level 2.6 Dodging
 + Level 2.8 Shields
 + Level 2.1 Unarmed Combat


You had one spell level left.
You didn't know any spells.
Your spell library was empty.

Dungeon Overview and Level Annotations

Branches:
Dungeon (2/15)

Altars:

Annotations:
D:2 Terence


Innate Abilities, Weirdness & Mutations

You are too large for most types of armour.
You have claws for hands.
Your natural rate of healing is unusually fast.
You are covered in fur. (AC +1)
You have tough skin. (AC +1)


Message History

There is an open door here.
There is an open door here.
There is an open door here.
f - an amulet of magic regeneration You start putting on your amulet.
You continue putting on your amulet of magic regeneration. x5
You finish putting on your amulet of magic regeneration.
f - an amulet of magic regeneration (around neck)
There is a stone staircase leading down here.
You climb downwards.
Found 12 gold pieces, 15 stones and a dark potion.
Found a stone staircase leading down.
There is a stone staircase leading up here.
Found a stone staircase leading down.
You now have 68 gold pieces (gained 12).
d - 12 stones (gained 8) Terence the Incautious comes into view.
He is wielding a +5 heavy mace.
Terence drinks a potion.
Terence seems to speed up.
Terence is nearby!
A frilled lizard comes into view.
The frilled lizard hisses angrily.
A giant cockroach comes into view.
Found a blue potion.
The frilled lizard bites you.
You completely miss Terence. Terence hits you with a +5 heavy mace!
You block the frilled lizard's attack.
You are too injured to fight recklessly!
You are too injured to fight recklessly!
You are too injured to fight recklessly!
You are too injured to fight recklessly!
You are too injured to fight recklessly!
You are too injured to fight recklessly!
You are too injured to fight recklessly!
You are too injured to fight recklessly!
You are too injured to fight recklessly!
You are too injured to fight recklessly!
The giant cockroach closely misses you.
A worm comes into view.
Terence hits you with a +5 heavy mace!
Ouch! That really hurt!
You die...

#.# #.#
###w########## #
#.....<.....(.
#.####.....#######!
###..............
...>..........###
###.###.>.....# #
#.@.....##
#####.##@###..##
......l.B# #..#
.####.##........ #
##.#!#.### .# # ..
... .##.


You could see Terence (fast), a worm, a giant cockroach and a frilled lizard.

Vanquished Creatures
  An endoplasm (D:1)
  A giant cockroach (D:1)
  2 goblins (D:1)
  2 hobgoblins (D:1)
  A kobold (D:1)
  2 bats (D:1)
  A frilled lizard (D:1)
  A rat (D:1)
11 creatures vanquished.

Notes
Turn   | Place    | Note
-------+----------+-------------------------------------------
     0 | D:1      | sircluck the Troll Fighter began the quest for the Orb.
     0 | D:1      | Reached XP level 1. HP: 22/22 MP: 0/0
   129 | D:1      | Reached XP level 2. HP: 29/29 MP: 1/1
   409 | D:2      | Noticed Terence
   414 | D:2      | Slain by Terence

Illustrated notes

Levels and vault maps discovered:
D:1:      arrival_zaba_pyramid, layout_basic, serial_bayou_pond_e
D:2:      layout_loops_ring, minmay_pentomino_u2, uniq_jessica, uniq_terence

Action                     || total
---------------------------++-------
  Melee: Unarmed           ||    28
 Armour: Robe              ||     9
  Dodge: Dodged            ||    11
  Block: Kite shield       ||    16

Table legend: (Time is in decaauts)
 A = Elapsed time spent in this place.
 B = Non-inter-level travel time spent in this place.
 C = Inter-level travel time spent in this place.
 D = Time resting spent in this place.
 E = Time spent auto-exploring this place.
 F = Levels seen in this place.
 G = Mean time per level.
                   A        B        C        D        E       F      G
               +--------+--------+--------+--------+--------+-----+--------+
         Total |    416 |    249 |    167 |      0 |    151 |   2 |  208.0 |
       Dungeon |    416 |    249 |    167 |      0 |    151 |   2 |  208.0 |
               +--------+--------+--------+--------+--------+-----+--------+

Top non-repeatable levels by time:
     D:1: 400 daAuts
     D:2: 16 daAuts
